 Dungeon Crawl Stone Soup version 0.24.1-14-gf8d2b509d9 (console) character file.

Game seed: 2979336548492374226, levelgen mode: deterministic

57 Kagalorn the Skirmisher (level 4, -3/41 HPs)
             Began as a Gnoll Wanderer on Mar 2, 2021.
             Slain by a worker ant (6 damage)
             ... on level 3 of the Dungeon.
             The game lasted 00:02:51 (1160 turns).

Kagalorn the Skirmisher (Gnoll Wanderer)            Turns: 1160, Time: 00:02:51

Health: -3/41      AC:  2    Str: 11 (13) XL:     4   Next: 0%
Magic:  5/5        EV: 11    Int: 18 (19) God:
Gold:   106        SH:  7    Dex: 10 (12) Spells: 5/5 levels left

rFire    . . .     SeeInvis .   a - +0 falchion
rCold    . . .     Gourm    .   h - +0 shield
rNeg     . . .     Faith    .   e - +0 robe
rPois    .         Spirit   .   (no helmet)
rElec    .         Reflect  .   (no cloak)
rCorr    .         Harm     .   (no gloves)
MR       .....                  (no boots)
Stlth    ++........             (no amulet)
HPRegen  0.00/turn              (no ring)
MPRegen  0.09/turn              (no ring)

@: lethally poisoned (-3 -> -10)
A: distributed training, fangs 1, repulsion field 1, sense surroundings 1,
inhibited regeneration, strong nose
a: no special abilities


You were on level 3 of the Dungeon.
You were not hungry.

You visited 1 branch of the dungeon, and saw 3 of its levels.

You collected 106 gold pieces.

Inventory:

Hand Weapons
 a - a +0 falchion (weapon)
 b - a +2 dagger
 u - a +0 morningstar
Missiles
 d - a curare-tipped dart (quivered)
 j - 53 arrows
 l - 56 stones
 q - 7 poisoned darts
 v - 3 silver boomerangs
Armour
 e - a +0 robe (worn)
 h - a +0 shield (worn)
 k - a +0 large shield
Scrolls
 c - 2 scrolls of amnesia {unknown}
 g - 2 scrolls of teleportation {unknown}
 n - a scroll of enchant armour {unknown}
 r - a scroll of fear {unknown}
 t - a scroll of random uselessness {unknown}
 w - a scroll of immolation {unknown}
Potions
 i - a potion of mutation
 o - a potion of resistance {unknown}
 p - a potion of lignification {unknown}
Comestibles
 f - 5 rations
 s - a chunk of flesh


   Skills:
 + Level 6.5 Fighting
 + Level 1.0 Short Blades
 + Level 2.6 Long Blades
 + Level 1.0 Axes
 + Level 1.0 Maces & Flails
 + Level 1.0 Polearms
 + Level 1.0 Staves
 + Level 1.0 Slings
 + Level 4.6 Bows
 + Level 1.0 Crossbows
 + Level 2.6 Throwing
 + Level 4.6 Armour
 + Level 1.0 Dodging
 + Level 2.4 Stealth
 + Level 1.0 Shields
 + Level 1.0 Unarmed Combat
 + Level 1.0 Spellcasting
 + Level 0.7 Conjurations
 + Level 0.7 Hexes
 + Level 0.7 Charms
 + Level 0.7 Summonings
 + Level 0.7 Necromancy
 + Level 0.7 Translocations
 + Level 0.7 Transmutations
 + Level 0.7 Fire Magic
 + Level 0.7 Ice Magic
 + Level 0.7 Air Magic
 + Level 0.7 Earth Magic
 + Level 0.7 Poison Magic
 + Level 1.0 Invocations
 + Level 1.0 Evocations


You had 5 spell levels left.
You didn't know any spells.
Your spell library was empty.

Dungeon Overview and Level Annotations

Branches:
Dungeon (3/15)

Altars:


Innate Abilities, Weirdness & Mutations

Your experience applies equally to all skills.
You have very sharp teeth.
Your uncanny sense of smell can sniff out nearby items.
You are surrounded by a mild repulsion field. (EV +2)
You passively map a small area around you.
You do not regenerate when monsters are visible.


Message History

You hit the worker ant but do no damage.
You bite the worker ant, but do no damage.
The worker ant closely misses you. The worker ant bites you.
* * * LOW HITPOINT WARNING * * *
You are poisoned.
The worker ant poisons you!
You barely miss the worker ant.
You feel sick. The worker ant bites you.
* * * LOW HITPOINT WARNING * * *
It was a potion of mutation.
You feel extremely strange.
Your regeneration stops near monsters.
You feel a strange attunement to the structure of the dungeons.
You begin to radiate repulsive energy.
* * * LOW HITPOINT WARNING * * *
You feel sick. You block the worker ant's attack.
It was a potion of degeneration.
There was something very wrong with that liquid.
You feel weakened.
You feel dopey.
You feel clumsy.
* * * LOW HITPOINT WARNING * * *
You feel sick. The worker ant bites you.
You die...

* , , *
##* # *
##. .#
..###.#
....., ,
** #..# ,
, #@.# , ,
##a# * , *
........#,
*
##.#.####
, #,,, ,∆
** * , * *
* * ,


You could see a worker ant.

Vanquished Creatures
  2 dart slugs (D:1)
  2 leopard geckos (D:1)
  A ball python (D:1)
  5 bats
  3 giant cockroaches
  3 hobgoblins
  A quokka (D:2)
  5 frilled lizards
  11 goblins
  6 kobolds
  6 rats
45 creatures vanquished.

Notes
Turn   | Place    | Note
-------+----------+-------------------------------------------
     0 | D:1      | Kagalorn the Gnoll Wanderer began the quest for the Orb.
     0 | D:1      | Kagalorn set off with the following items: a +2 dagger, a
                  | curare-tipped dart, a +0 spear, a +0 falchion, a +0 robe, a
                  | ration
     0 | D:1      | Reached XP level 1. HP: 23/23 MP: 1/1
    96 | D:1      | Reached XP level 2. HP: 27/29 MP: 2/2
   431 | D:1      | Reached XP level 3. HP: 33/35 MP: 3/3
   909 | D:2      | Reached skill level 1 in Invocations
  1054 | D:2      | Reached skill level 1 in Short Blades
  1054 | D:2      | Reached skill level 1 in Axes
  1054 | D:2      | Reached skill level 1 in Maces & Flails
  1054 | D:2      | Reached skill level 1 in Polearms
  1054 | D:2      | Reached skill level 1 in Staves
  1054 | D:2      | Reached skill level 1 in Slings
  1054 | D:2      | Reached skill level 1 in Crossbows
  1054 | D:2      | Reached skill level 1 in Dodging
  1054 | D:2      | Reached skill level 1 in Shields
  1054 | D:2      | Reached skill level 1 in Unarmed Combat
  1054 | D:2      | Reached skill level 1 in Spellcasting
  1054 | D:2      | Reached skill level 1 in Evocations
  1111 | D:2      | Reached XP level 4. HP: 20/41 MP: 5/5
  1159 | D:3      | Gained mutation: You do not regenerate when monsters are
                  | visible. [potion of mutation]
  1159 | D:3      | Gained mutation: You passively map a small area around you.
                  | [potion of mutation]
  1159 | D:3      | Gained mutation: You are surrounded by a mild repulsion
                  | field. (EV +2) [potion of mutation]
  1160 | D:3      | Slain by a worker ant

Levels and vault maps discovered:
D:1:      minmay_arrival_four_loops, layout_loops_ring,
          minmay_misc_feat_diagonals
D:2:      layout_basic, first_ration
D:3:      layout_basic

Skill      XL: |  1  2  3 |
---------------+----------+-----
Invocations    | 1 |  1.0
Short Blades   | 1 |  1.0
Axes           | 1 |  1.0
Maces & Flails | 1 |  1.0
Polearms       | 1 |  1.0
Staves         | 1 |  1.0
Slings         | 1 |  1.0
Crossbows      | 1 |  1.0
Dodging        | 1 |  1.0
Shields        | 1 |  1.0
Unarmed Combat | 1 |  1.0
Spellcasting   | 1 |  1.0
Evocations     | 1 |  1.0
Fighting       | |  6.5
Long Blades    | |  2.6
Bows           | |  4.6
Throwing       | |  2.6
Armour         | |  4.6
Stealth        | |  2.4
Conjurations   | |  0.7
Hexes          | |  0.7
Charms         | |  0.7
Summonings     | |  0.7
Necromancy     | |  0.7
Translocations | |  0.7
Transmutations | |  0.7
Fire Magic     | |  0.7
Ice Magic      | |  0.7
Air Magic      | |  0.7
Earth Magic    | |  0.7
Poison Magic   | |  0.7

Action                   |  1- 3 |  4- 6 || total
-------------------------+-------+-------++-------
Melee: Falchion          |   116 |     2 ||   118
       Bite              |    11 |     1 ||    12
  Use: Potion            |       |     2 ||     2
 Stab: Sleeping          |     8 |       ||     8
  Eat: Chunk             |     1 |       ||     1
Armor: Robe              |    23 |       ||    23
Dodge: Dodged            |    37 |     1 ||    38
Block: Shield            |    37 |     1 ||    38
       Rpst.: Falchion   |    13 |       ||    13
